General information
- name: BNet
- type: Ladder team game (AT/RT)
- host: Battle.net
- saver: iMlCRO
map: TidewaterGlades
- players: 4
- length: 20:07
- speed: Fast
- version: 1.24 W3XP
- replay type: Public
» download(103 KB)
Players
team 1 (winner)
iMlCRO (
purple | 87 APM | 1748 actions | 20:07)
7 Blademaster
3 Wind Walk
3 Critical Strike
1 Bladestorm
» actions
| Assign group hotkey | 57 | |
| Build / train | 65 | |
| ESC pressed | 1 | |
| Enter build submenu | 29 | |
| Enter hero's abilities submenu | 7 | |
| Give item / drop item | 3 | |
| Right click | 1042 | |
| Select / deselect | 225 | |
| Select group hotkey | 229 | |
| Use ability | 90 | |
1748 total
» units
| Peon | 10 | |
| Wind Rider | 15 | |
| Troll Batrider | 1 | |
26 total
» upgrades
| Ranged Weapons | 2 | |
| Envenomed Spears | 1 | |
| Armor | 1 | |
| Reinforced Defenses | 1 | |
5 total
» buildings
| War Mill | 1 | |
| Altar of Storms | 2 | |
| Orc Burrow | 7 | |
| Voodoo Lounge | 2 | |
| Watch Tower | 8 | |
| Stronghold | 1 | |
| Beastiary | 2 | |
| Fortress | 3 | |
26 total
» build order
00:10 War Mill
00:21 Altar of Storms
00:26 Altar of Storms
00:39 Orc Burrow
01:26 Voodoo Lounge
01:48 Watch Tower
02:21 Watch Tower
02:28 Orc Burrow
02:51 Watch Tower
03:06 Watch Tower
04:14 Stronghold
04:31 Watch Tower
04:31 Watch Tower
04:39 Orc Burrow
04:47 Watch Tower
04:52 Watch Tower
06:23 Orc Burrow
06:36 Beastiary
06:42 Beastiary
06:56 Fortress
06:57 Fortress
09:56 Orc Burrow
16:24 Voodoo Lounge
18:09 Orc Burrow
19:28 Orc Burrow
» items
| Healing Salve | 4 | |
| Lesser Clarity Potion | 9 | |
| Scroll of Speed | 1 | |
| Boots of Speed | 1 | |
| Staff of Teleportation | 1 | |
| Orb of Lightning | 1 | |
| Scroll of Town Portal | 1 | |
18 total
moviescenes (
yellow | 74 APM | 1496 actions | 20:06)
4 Goblin Tinker
2 Pocket Factory
2 Engineering Upgrade
» actions
| Assign group hotkey | 36 | |
| Basic commands | 80 | |
| Build / train | 60 | |
| ESC pressed | 1 | |
| Enter build submenu | 32 | |
| Enter hero's abilities submenu | 4 | |
| Right click | 616 | |
| Select / deselect | 287 | |
| Select group hotkey | 293 | |
| Use ability | 87 | |
1496 total
» units
» upgrades
» buildings
| Farm | 10 | |
| Lumber Mill | 1 | |
| Altar of Kings | 1 | |
| Scout Tower | 15 | |
| Arcane Tower | 1 | |
| Guard Tower | 11 | |
| Keep | 1 | |
| Blacksmith | 1 | |
| Arcane Vault | 1 | |
| Castle | 1 | |
| Gryphon Aviary | 2 | |
| Town Hall | 1 | |
46 total
» build order
00:13 Farm
00:21 Lumber Mill
00:50 Altar of Kings
01:07 Farm
01:38 Scout Tower
01:41 Scout Tower
01:46 Farm
01:50 Scout Tower
02:08 Arcane Tower
02:18 Guard Tower
02:18 Guard Tower
02:19 Guard Tower
02:26 Guard Tower
02:35 Scout Tower
03:08 Guard Tower
03:42 Keep
04:02 Blacksmith
04:39 Scout Tower
04:47 Arcane Vault
04:57 Scout Tower
05:10 Guard Tower
05:27 Guard Tower
06:14 Castle
06:37 Gryphon Aviary
06:39 Gryphon Aviary
07:56 Farm
08:10 Farm
09:21 Farm
09:46 Farm
10:04 Farm
11:22 Farm
13:48 Farm
16:58 Town Hall
17:00 Scout Tower
17:01 Scout Tower
17:06 Scout Tower
17:07 Scout Tower
17:53 Guard Tower
18:14 Guard Tower
18:15 Scout Tower
18:16 Scout Tower
18:52 Guard Tower
19:08 Scout Tower
19:09 Scout Tower
19:11 Scout Tower
19:47 Guard Tower
» items
| Boots of Speed | 1 | |
| Staff of Teleportation | 1 | |
| Lesser Clarity Potion | 2 | |
| Scroll of Regeneration | 4 | |
| Scroll of Town Portal | 2 | |
| Potion of Healing | 1 | |
11 total
team 2 (loser)
FuturGrubby (
green | 57 APM | 1140 actions | 20:00)
4 Blademaster
2 Wind Walk
2 Critical Strike
2 Shadow Hunter
1 Hex
1 Healing Wave
2 Tauren Chieftain
1 War Stomp
1 Endurance Aura
» actions
| Assign group hotkey | 14 | |
| Build / train | 44 | |
| Enter build submenu | 27 | |
| Enter hero's abilities submenu | 8 | |
| Give item / drop item | 5 | |
| Remove unit from queue | 2 | |
| Right click | 398 | |
| Select / deselect | 247 | |
| Select group hotkey | 328 | |
| Use ability | 67 | |
1140 total
» units
| Peon | 8 | |
| Grunt | 3 | |
| Tauren | 1 | |
| Troll Batrider | 2 | |
| Demolisher | 6 | |
20 total
» upgrades
| Spirit Walker Training | 2 | |
| Pulverize | 1 | |
| Reinforced Defenses | 1 | |
| Burning Oil | 1 | |
5 total
» buildings
| Altar of Storms | 1 | |
| Orc Burrow | 9 | |
| Voodoo Lounge | 1 | |
| Barracks | 1 | |
| Stronghold | 1 | |
| War Mill | 1 | |
| Fortress | 1 | |
| Spirit Lodge | 1 | |
| Tauren Totem | 2 | |
| Beastiary | 1 | |
| Watch Tower | 8 | |
27 total
» build order
00:09 Altar of Storms
00:13 Orc Burrow
00:39 Voodoo Lounge
01:14 Barracks
01:53 Orc Burrow
02:51 Stronghold
03:50 War Mill
03:52 Orc Burrow
05:32 Fortress
05:37 Spirit Lodge
07:05 Orc Burrow
08:06 Tauren Totem
08:08 Tauren Totem
08:52 Beastiary
11:03 Watch Tower
11:04 Watch Tower
11:07 Watch Tower
11:08 Watch Tower
12:41 Orc Burrow
12:44 Orc Burrow
12:46 Orc Burrow
12:48 Orc Burrow
15:17 Watch Tower
15:18 Watch Tower
15:20 Watch Tower
15:36 Watch Tower
16:33 Orc Burrow
» items
| Healing Salve | 1 | |
| Lesser Clarity Potion | 1 | |
| Dust of Appearance | 1 | |
| Orb of Lightning | 1 | |
4 total

»
The.Big.Naga (
red | 87 APM | 1757 actions | 20:06)
4 Keeper of the Grove
2 Entangling Roots
1 Thorns Aura
1 Force of Nature
3 Naga Sea Witch
2 Frost Arrows
1 Forked Lightning
» actions
| Assign group hotkey | 25 | |
| Build / train | 69 | |
| Enter build submenu | 31 | |
| Enter hero's abilities submenu | 7 | |
| Remove unit from queue | 4 | |
| Right click | 872 | |
| Select / deselect | 333 | |
| Select group hotkey | 316 | |
| Use ability | 100 | |
1757 total
» units
» upgrades
| Abolish Magic | 1 | |
| Strength of the Wild | 1 | |
2 total
» buildings
| Altar of Elders | 1 | |
| Moon Well | 7 | |
| Hunter's Hall | 1 | |
| Ancient of War | 1 | |
| Ancient of Wonders | 1 | |
| Tree of Ages | 2 | |
| Ancient of Lore | 5 | |
| Ancient of Wind | 2 | |
| Ancient Protector | 8 | |
| Tree of Life | 2 | |
| Tree of Eternity | 2 | |
32 total
» build order
00:08 Altar of Elders
00:09 Moon Well
01:18 Hunter's Hall
01:36 Ancient of War
01:49 Moon Well
02:25 Ancient of Wonders
02:48 Moon Well
04:48 Tree of Ages
04:48 Tree of Ages
05:37 Moon Well
07:28 Ancient of Lore
07:30 Ancient of Wind
08:20 Ancient of Wind
08:57 Ancient Protector
09:42 Ancient of Lore
09:44 Ancient of Lore
09:50 Ancient Protector
10:22 Tree of Life
11:03 Moon Well
11:28 Ancient Protector
11:56 Ancient Protector
12:23 Moon Well
13:50 Tree of Eternity
13:51 Tree of Eternity
14:19 Moon Well
14:59 Tree of Life
16:28 Ancient Protector
17:31 Ancient of Lore
17:32 Ancient of Lore
17:55 Ancient Protector
18:08 Ancient Protector
18:25 Ancient Protector
» items
Chat log
(00:01 / Allies) iMlCRO: SIGH HACKERS
(00:04 / Allies) moviescenes: really?
(00:11 / Allies) iMlCRO: yes
(00:15 / Allies) moviescenes: lol
(00:44 / Allies) moviescenes: just go by tav for me xD
(01:00 / Allies) iMlCRO: sigh
(01:02 / Allies) iMlCRO: why are we still here
(01:03 / Allies) iMlCRO: they HAX
(01:11 / Allies) moviescenes: because we arent pussies?
(01:15 / Allies) iMlCRO: its just dumb
(01:15 / Allies) moviescenes: fuckin try at least
(01:18 / Allies) iMlCRO: futurgrubby
(01:19 / Allies) moviescenes: stop crying at least
(01:20 / Allies) iMlCRO: won the 3s tourney
(01:24 / Allies) moviescenes: lol
(01:31 / Allies) iMlCRO: with like
(01:32 / Allies) iMlCRO: promise i tihnk
(02:43 / Allies) moviescenes: lwl c0ck
(05:02 / Allies) moviescenes: lol
(05:40 / Allies) iMlCRO: gay shaman
(05:42 / Allies) iMlCRO: rejuv
(05:43 / Allies) iMlCRO: owned me
(05:47 / Allies) moviescenes: yea lol
(05:59 / Allies) iMlCRO: ME VS WOLF
(06:00 / Allies) iMlCRO: LOL
(06:03 / Allies) iMlCRO: AHH
(06:20 / Allies) moviescenes: he just revealed me lol
(06:31 / Allies) moviescenes: god damn creeps are hard
(06:32 / Allies) moviescenes: lmao
(06:48 / Allies) moviescenes: scout expos
(07:24 / Allies) iMlCRO: red
(08:18 / Allies) moviescenes: use wyv wisp fuck him
(08:24 / Allies) iMlCRO: only have 2
(08:31 / Allies) moviescenes: o
(08:55 / Allies) iMlCRO: moonwell down
(08:57 / Allies) moviescenes: lol
(08:57 / Allies) moviescenes: omw
(09:25 / Allies) moviescenes: lol ogod
(09:29 / Allies) moviescenes: i got grphs
(09:33 / Allies) moviescenes: rofl
(09:34 / Allies) iMlCRO: LMFAO
(09:34 / Allies) moviescenes: rofl
(09:35 / Allies) iMlCRO: I GOT AWAY
(09:35 / Allies) moviescenes: look
(09:40 / Allies) moviescenes: gj
(10:09 / Allies) iMlCRO: GOLD ME
(10:18 / Allies) moviescenes: get this
(10:18 / Allies) moviescenes: come
(10:19 / Allies) iMlCRO: HOW AM I SUPPOSE TO GET AN ORB
(11:02 / Allies) moviescenes: hit
(11:04 / Allies) moviescenes: hraass
(11:06 / Allies) moviescenes: econ fuck em
(11:07 / Allies) moviescenes: split
(11:13 / Allies) iMlCRO: I GOT THE ELF
(11:14 / Allies) moviescenes: u take elf
(11:35 / Allies) moviescenes: gj
(12:36 / Allies) moviescenes: gay
(12:39 / Allies) moviescenes: gj
(13:01 / Allies) moviescenes: gonna expo
(13:03 / Allies) moviescenes: attempt to expo
(13:15 / Allies) moviescenes: dudeeee lol nice
(13:17 / Allies) moviescenes: omfg
(13:19 / Allies) iMlCRO: AHH
(13:53 / Allies) moviescenes: i got armor 3
(13:56 / Allies) moviescenes: bats cant touch me
(14:08 / Allies) iMlCRO: brb.
(14:12 / Allies) moviescenes: ..
(14:14 / Allies) iMlCRO: friends are leaving
(14:17 / Allies) iMlCRO: gotta walk em out
(14:17 / Allies) iMlCRO: lol
(14:29 / Allies) moviescenes: source me
(14:42 / Allies) moviescenes: wow
(14:43 / Allies) moviescenes: so gay
(15:03 / Allies) moviescenes: dude up armor
(15:07 / Allies) moviescenes: wyvs at 0 armor are trash
(15:48 / Allies) iMlCRO: omg
(15:50 / Allies) iMlCRO: wtf?
(16:16 / Allies) moviescenes: k
(16:23 / Allies) moviescenes: ill force tp
(16:24 / Allies) moviescenes: lol
(17:19 / Allies) moviescenes: sec
(17:25 / Allies) moviescenes: gold
(17:36 / Allies) moviescenes: gj
(17:40 / Allies) moviescenes: mass
(17:40 / Allies) moviescenes: gold
(17:42 / Allies) moviescenes: for twrs
(17:49 / Allies) moviescenes: fuck
(17:51 / Allies) moviescenes: fast
(17:57 / Allies) moviescenes: hit
(17:57 / Allies) moviescenes: come
(17:59 / Allies) moviescenes: run
(18:00 / Allies) moviescenes: he coming
(18:15 / Allies) iMlCRO: go
(18:28 / Allies) moviescenes: rofl
(18:31 / Allies) moviescenes: naha
(18:42 / Allies) moviescenes: rofl!!!
(19:00 / Allies) moviescenes: lmfao
(19:01 / Allies) iMlCRO: LOL
(19:02 / Allies) moviescenes: lmfao
(19:05 / Allies) iMlCRO: SH
(19:06 / Allies) iMlCRO: LOL
(19:13 / Allies) moviescenes: its up
(19:17 / All) iMlCRO: ahaha
(19:30 / Allies) moviescenes: rofl
(19:35 / Allies) moviescenes: told you
(19:36 / Allies) iMlCRO: b
(19:45 / Allies) iMlCRO: bm is mine
(19:59 / All) FuturGrubby: zzz lost againts newb map hacker -.- zzzz
(20:02 / All) moviescenes: lmfao!!!
(20:03 / All) moviescenes: ahahah